 Dungeon Crawl Stone Soup version 0.24.0-1-gfbc8707 (webtiles) character file.

Game seed: 17866714262157449060, levelgen mode: deterministic

153 Fang the Skirmisher (level 5, 0/34 HPs)
             Began as a Gargoyle Berserker on Oct 28, 2019.
             Was a Believer of Trog.
             Slain by a scorpion (3 damage)
             ... on level 3 of the Dungeon.
             The game lasted 00:01:55 (1433 turns).

Fang the Skirmisher (Gargoyle Berserker)            Turns: 1433, Time: 00:01:55

Health: 0/34       AC: 15    Str: 21    XL:     5   Next: 35%
Magic:  5/5        EV:  8    Int:  8    God:    Trog [**....]
Gold:   51         SH:  0    Dex:  9    Spells: 4/4 levels left

rFire    . . .     SeeInvis .   a - +0 hand axe
rCold    + . .     Gourm    .   (no shield)
rNeg     + . .     Faith    .   b - +0 chain mail
rPois    ∞         Spirit   .   (no helmet)
rElec    +         Reflect  .   (no cloak)
rCorr    .         Harm     .   r - +1 pair of gloves
MR       .....                  (no boots)
Stlth    ..........             (no amulet)
HPRegen  0.11/turn              f - -3 ring of slaying (curse)
MPRegen  0.09/turn              m - ring of protection from cold

@: berserk cooldown, slowed, very slow
A: negative energy resistance 1, electricity resistance, unbreathing,
petrification resistance, rot immunity, AC +4
a: Berserk, Trog's Hand, Renounce Religion


You were on level 3 of the Dungeon.
You worshipped Trog.
Trog was pleased with you.
You were very hungry.

You visited 1 branch of the dungeon, and saw 3 of its levels.

You collected 51 gold pieces.

Inventory:

Hand Weapons
 a - a +0 hand axe (weapon)
Armour
 b - a +0 chain mail (worn)
 r - a +1 pair of gloves (worn)
Jewellery
 f - a cursed -3 ring of slaying (left hand)
 m - a ring of protection from cold (right hand)
Scrolls
 d - a scroll of magic mapping {unknown}
 h - 5 scrolls of identify {unknown}
 j - a scroll of amnesia {unknown}
 k - a scroll of enchant weapon {unknown}
 l - 2 scrolls of remove curse {unknown}
 n - a scroll of enchant armour {unknown}
 o - a scroll of teleportation {unknown}
 q - a scroll of immolation {unknown}
Potions
 e - a potion of brilliance {unknown}
 g - 3 potions of lignification {unknown}
 i - a potion of heal wounds {unknown}
Comestibles
 c - 2 rations
 p - 6 chunks of flesh


   Skills:
 + Level 4.3 Fighting
 + Level 3.5 Axes
 + Level 3.4 Armour
 + Level 2.5 Dodging


You had 4 spell levels left.
You didn't know any spells.
Your spell library was empty.

Dungeon Overview and Level Annotations

Branches:
Dungeon (3/15)

Altars:


Innate Abilities, Weirdness & Mutations

You are resistant to torment.
Your stone body is resilient. (AC +4)
You are immune to poison.
You resist negative energy. (rN+)
You are resistant to electric shocks. (rElec)
You can survive without breathing.
You are immune to petrification.
You are immune to rotting.


Message History

You closely miss the scorpion.
The scorpion is severely wounded.
The scorpion stings you.
* * * LOW HITPOINT WARNING * * *
The scorpion stings you but does no damage.
You barely miss the scorpion.
The scorpion is severely wounded.
The scorpion stings you.
* * * LOW HITPOINT WARNING * * *
You hit the scorpion but do no damage.
The scorpion is severely wounded.
The scorpion stings you but does no damage.
The scorpion stings you.
* * * LOW HITPOINT WARNING * * *
You are feeling very hungry.
You hit the scorpion but do no damage.
The scorpion is heavily wounded.
The scorpion stings you but does no damage.
The scorpion stings you.
You die...

...?. .... ...... .!...
...... ..... ......
...... ##.....# .>....
.......#.
<.....##........
#.....s@........
......)........
.....##)...##..... ....
##(.###.#....# ...#.
#.†###.#.# .##
......##...##...# ..
..#..........#..# .#
...............##.####.
.##...................)


You could see a scorpion.

Vanquished Creatures
  A bullfrog (D:2)
  An orc wizard (D:3)
  An adder (D:2)
  2 dart slugs
  2 leopard geckos (D:1)
  3 orcs (D:3)
  A ball python (D:2)
  5 giant cockroaches
  4 hobgoblins
  5 bats
  A frilled lizard (D:2)
  9 goblins
  2 kobolds (D:2)
  9 rats
46 creatures vanquished.

Vanquished Creatures (others)
  An orc (D:3)
1 creature vanquished.

Grand Total: 47 creatures vanquished

Notes
Turn   | Place    | Note
-------+----------+-------------------------------------------
     0 | D:1      | Fang the Gargoyle Berserker began the quest for the Orb.
     0 | D:1      | Reached XP level 1. HP: 14/14 MP: 1/1
   186 | D:1      | Reached XP level 2. HP: 19/19 MP: 2/2
   720 | D:2      | Noticed a bullfrog
   731 | D:2      | Killed a bullfrog
   731 | D:2      | Reached skill level 4 in Fighting
   731 | D:2      | Reached XP level 3. HP: 12/24 MP: 3/3
   731 | D:2      | Reached XP level 4. HP: 14/29 MP: 4/4
  1010 | D:2      | Reached ** piety under Trog
  1361 | D:3      | Reached XP level 5. HP: 32/33 MP: 5/5
  1433 | D:3      | Slain by a scorpion

Levels and vault maps discovered:
D:1:      dpeg_arrival_houses_and_road, layout_loops_ring
D:2:      layout_rooms, first_ration
D:3:      layout_rooms

Skill      XL: |  1  2 |
---------------+-------+-----
Fighting       | 4 |  4.3
Axes           | 3 |  3.5
Armour         | 3 |  3.4
Dodging        | 2 |  2.5

Action                   |  1- 3 |  4- 6 || total
-------------------------+-------+-------++-------
Melee: Hand axe          |    83 |   129 ||   212
Invok: Berserk           |     1 |     1 ||     2
  Eat: Chunk             |       |     3 ||     3
Armor: Animal skin       |    12 |       ||    12
       Chain mail        |    32 |   167 ||   199
Dodge: Dodged            |    51 |    91 ||   142
